 Dungeon Crawl Stone Soup version 0.31-a0-187-gba352fbbf7 (webtiles) character file.

Game seed: 4911015224109061593

504 qw the Skirmisher (level 6, 0/35 HPs)
             Began as a Deep Elf Hunter on June 22, 2023.
             Slain by a worm (9 damage)
             ... on level 4 of the Dungeon.
             The game lasted 00:01:03 (2609 turns).

qw the Skirmisher (Deep Elf Hunter)                 Turns: 2609, Time: 00:01:04

Health: 0/35       AC:  5    Str: 10    XL:     6   Next: 96%
Magic:  8/8        EV: 12    Int: 14    God:
Gold:   126        SH:  0    Dex: 18    Spells: 5/5 levels left

rFire   . . .        Y - +0 shortbow (freeze)
rCold   . . .        (shield currently unavailable)
rNeg    . . .        e - +0 ring mail
rPois   .            (no helmet)
rElec   .            (no cloak)
rCorr   .            (no gloves)
SInv    +            (no boots)
Will    .....        (no amulet)
Stlth   +            b - ring of see invisible
HPRegen 0.25/turn    (no ring)
MPRegen 0.11/turn

%: no passive effects
@: no status effects
A: no striking features
a: no special abilities


You were on level 4 of the Dungeon.
You visited 1 branch of the dungeon, and saw 4 of its levels.

You collected 126 gold pieces.


   Skills:
 - Level 2.0 Fighting
 + Level 10.3 Ranged Weapons
 - Level 3.8 Dodging
 - Level 1.2 Stealth


You had 5 spell levels left.
You didn't know any spells.
Your spell library was empty.

Inventory:

Hand Weapons
 Y - a +0 shortbow of freezing (weapon)
Armour
 e - a +0 ring mail (worn)
Jewellery
 b - a ring of see invisible (left hand)
Scrolls
 f - 2 scrolls of identify
Potions
 a - a potion of resistance {unknown}
 c - a potion of magic {unknown}
 g - a potion of curing

Dungeon Overview and Level Annotations

Branches:
Dungeon (4/15)
 Temple: D:4-7

Altars:
Elyvilon
Yredelemnul

Annotations:
D:4 Eustachio


Message History

The puff of frost hits you.
You shoot an arrow. The arrow hits Eustachio!
The arrow freezes Eustachio.
Eustachio is severely wounded.
The bat barely misses you. The bat hits you but does no damage.
Eustachio hits you with a +0 rapier! The white imp gestures at you.
The puff of frost hits you. The worm bites you.
2603 ||| DRINKING potion of heal wounds.
You feel much better. The bat hits you but does no damage.
Eustachio hits you with a +0 rapier. The white imp barely misses you.
The crimson imp blinks!
You shoot an arrow. The arrow hits Eustachio.
The arrow freezes Eustachio.
Eustachio is severely wounded.
The bat hits you but does no damage.
Eustachio casts a spell.
The white imp closely misses you. The worm barely misses you.
You shoot an arrow.
The arrow hits Eustachio but does no damage.
Eustachio is severely wounded.
The white imp disappears in a puff of smoke!
The bat hits you but does no damage. Eustachio hits you with a +0 rapier.
You shoot an arrow. The arrow closely misses Eustachio.
The bat hits you but does no damage. Eustachio hits you with a +0 rapier.
The worm bites you!
Eustachio casts a spell.
Eustachio blinks!
You shoot an arrow. The arrow hits the worm.
The arrow freezes the worm.
The worm is lightly wounded.
The crimson imp disappears in a puff of smoke!
The bat hits you but does no damage.
Eustachio casts a spell.
Eustachio blinks!
The worm bites you.
You shoot an arrow.
The arrow hits the worm but does no damage.
The worm is lightly wounded.
The bat barely misses you.
You shoot an arrow. The arrow hits the worm!
The arrow freezes the worm.
The worm is severely wounded.
The bat hits you but does no damage. The worm bites you!
You die...

###.##..#.##........
. ......#.#........
.......%.......%##
........%.....# .#
.............##...
........#....#....
.........).b......
........#..w.##...
........ยค5@###
............#
...........#
............
..........##
.........#
..........
...#......


You could see a worm, a white imp (summoned) and a bat (summoned).

Vanquished Creatures
  A black bear (D:4)
  A sky beast (D:4)
  A vampire bat (D:3)
  An iguana (D:4)
  Jessica (D:3)
  A gnoll (D:2)
  7 adders
  2 worms
  2 dart slugs
  3 fire bats (D:3)
  4 orcs
  2 spectral bats (D:3)
  3 bat skeletons (D:3)
  A bat zombie (D:3)
  4 endoplasms
  3 giant cockroaches
  6 goblins
  11 hobgoblins
  3 jackals
  7 ball pythons
  16 bats
  A bat simulacrum (D:3)
  A frilled lizard (D:1)
  5 kobolds
  4 rats
91 creatures vanquished.

Notes
Turn   | Place    | Note
-------+----------+-------------------------------------------
     0 | D:1      | qw the Deep Elf Hunter began the quest for the Orb.
     0 | D:1      | Reached XP level 1. HP: 12/12 MP: 3/3
     0 | D:1      | 0 ||| qw: Version: 0.3-a-9-g12657ce
     0 | D:1      | 0 ||| qw: Game counter: 2324
     0 | D:1      | 0 ||| qw: Always use a shield: true
     0 | D:1      | 0 ||| qw: God list: Okawaru
     0 | D:1      | 0 ||| qw: Allow faded altars: false
     0 | D:1      | 0 ||| qw: Do Orc after D:15 true
     0 | D:1      | 0 ||| qw: Do second Lair branch before Depths: true
     0 | D:1      | 0 ||| qw: Lair rune preference: random
     0 | D:1      | 0 ||| qw: Plans: Normal
     0 | D:1      | 0 ||| PLANNING D:1-11
   298 | D:1      | Reached XP level 2. HP: 16/16 MP: 4/4
   301 | D:1      | Reached skill level 6 in Ranged Weapons
   902 | D:1      | 902 ||| UPGRADING to +0 ring mail.
   912 | D:1      | 912 ||| DROPPING +0 leather armour.
   913 | D:1      | 913 ||| READING scroll labelled LECONI MELOC.
   914 | D:1      | 914 ||| READING scroll labelled BEUTSU MAN GUC.
   915 | D:1      | 915 ||| DROPPING scroll of butterflies.
   938 | D:2      | 938 ||| STAIRDANCE
   945 | D:1      | Reached XP level 3. HP: 16/20 MP: 5/5
  1055 | D:2      | Reached skill level 7 in Ranged Weapons
  1106 | D:2      | Reached XP level 4. HP: 25/25 MP: 6/6
  1461 | D:2      | 1461 ||| UPGRADING to ring of see invisible.
  1462 | D:2      | 1462 ||| DROPPING ring of flight.
  1463 | D:2      | 1463 ||| READING scroll labelled CARI UPNYCRA.
  1468 | D:3      | Found a faded altar of an unknown god.
  1472 | D:3      | 1472 ||| STAIRDANCE
  1531 | D:3      | Reached skill level 8 in Ranged Weapons
  1600 | D:3      | Noticed Jessica
  1602 | D:3      | Killed Jessica
  1603 | D:3      | Reached XP level 5. HP: 29/29 MP: 7/7
  1728 | D:3      | Found a white marble altar of Elyvilon.
  1866 | D:3      | Reached skill level 9 in Ranged Weapons
  1930 | D:3      | Reached XP level 6. HP: 32/35 MP: 8/8
  2285 | D:3      | Found a basalt altar of Yredelemnul.
  2376 | D:3      | 2376 ||| READING scroll labelled EZIQUV YREVAGALO.
  2377 | D:3      | 2377 ||| READING 2 scrolls labelled MISENITAIW.
  2378 | D:3      | 2378 ||| READING scroll labelled MEPUACHEOBBUH.
  2383 | D:3      | 2383 ||| DRINKING 2 orange potions.
  2385 | D:3      | 2385 ||| Stepping ~*~*~tactically~*~*~ (cloud).
  2544 | D:4      | Reached skill level 10 in Ranged Weapons
  2579 | D:4      | Noticed Eustachio
  2583 | D:4      | Noticed a sky beast
  2592 | D:4      | Killed a sky beast
  2593 | D:4      | Reached skill level 3 in Dodging
  2602 | D:4      | HP: 8/35 [Eustachio/+0 rapier (7)]
  2602 | D:4      | HP: 2/35 [worm (3)]
  2603 | D:4      | 2603 ||| DRINKING potion of heal wounds.
  2607 | D:4      | HP: 8/35 [worm (2)]
  2609 | D:4      | Slain by a worm

Levels and vault maps discovered:
D:1:      lemuel_arrival_river_ford, layout_basic, minmay_heptomino_l4
D:2:      layout_rooms, st_stairs_4, dk_noncrumbling_3,
          kennysheep_generic_room_13
D:3:      layout_basic, nicolae_elyvilon_peaceful_grove,
          mainiacjoe_overflow_cross_hatched, ebering_ecumenical_altar_mist,
          kennysheep_pointless_box, goddamned_bats, uniq_jessica
D:4:      layout_rooms, lemuel_round_altar, nicolae_overflow_hidden_temple,
          uniq_eustachio

Skill      XL: |  1  2  3  4  5  6 |
---------------+-------------------+-----
Ranged Weapons | 6 7 8 9 10 | 10.3
Fighting       | 2 |  2.0
Dodging        | 3 |  3.8
Stealth        | |  1.2

Action                     |  1- 3 |  4- 6 || total
---------------------------+-------+-------++-------
   Fire: Shortbow          |    77 |   150 ||   227
    Use: Scroll            |     2 |     4 ||     6
         Potion            |       |     2 ||     2
 Armour: Leather armour    |     3 |       ||     3
         Ring mail         |    14 |    39 ||    53
  Dodge: Dodged            |    32 |    52 ||    84

Table legend:
 A = Non-vault XP
 B = Vault XP
 C = Vault XP percentage of total XP
 D = Non-vault monster count
 E = Vault monster count
 F = Vault count percentage of total count
                 A         B        C        D         E       F
            +---------+---------+-------+---------+---------+-------
      Total |     477 |     244 |  33.8 |      65 |      26 |  28.6
            +---------+---------+-------+---------+---------+-------
        D:1 |      33 |       6 |  15.4 |      19 |       3 |  13.6
        D:2 |      74 |      27 |  26.7 |      19 |       2 |   9.5
        D:3 |      58 |     211 |  78.4 |      18 |      21 |  53.8
        D:4 |     312 |       0 |   0.0 |       9 |       0 |   0.0
            +---------+---------+-------+---------+---------+-------
